 Dungeon Crawl Stone Soup version 0.20.0-8-g6b59dc7 (webtiles) character file.

175 Jerry the Vexing (level 5, -20/37 HPs)
             Began as a Mummy Arcane Marksman on May 31, 2017.
             Demolished by an ogre
             ... wielding a +0 giant spiked club
              (30 damage)
             ... on level 4 of the Dungeon on June 1, 2017.
             The game lasted 00:15:29 (3409 turns).

Jerry the Vexing (Mummy Arcane Marksman)            Turns: 3409, Time: 00:15:29

Health: -20/37     AC:  3    Str: 14    XL:     5   Next: 29%
Magic:  10/10      EV: 12    Int: 13    God:
Gold:   125        SH:  5    Dex: 12    Spells: 5/11 levels left

rFire    x . .     SeeInvis .   i - +1 dagger (venom)
rCold    + . .     Gourm    .   (no shield)
rNeg     + + +     Faith    .   e - +0 robe
rPois    ∞         Spirit   .   j - +0 helmet
rElec    .         Reflect  +   (no cloak)
rCorr    .         Harm     .   (no gloves)
MR       .....                  (no boots)
Stlth    ++........             b - +5 amulet of reflection
Regen    0.2/turn               (no ring)
MPRegen  0.2/turn               (no ring)

@: no status effects
A: no food or potions, fire vulnerability, cold resistance 1, negative energy
resistance 3, torment resistance, unbreathing
a: no special abilities


You were on level 4 of the Dungeon.
You were not hungry.

You visited 1 branch of the dungeon, and saw 4 of its levels.

You collected 125 gold pieces.

Inventory:

Hand Weapons
 a - a +1 shortbow
 i - a +1 dagger of venom (weapon)
Missiles
 g - 45 stones (quivered)
 h - 3 arrows
Armour
 e - a +0 robe (worn)
 j - a +0 helmet (worn)
Jewellery
 b - a +5 amulet of reflection (around neck)
Wands
 d - a wand of lightning (12/15)
Scrolls
 f - a scroll of teleportation
 k - a scroll of fear {unknown}
 l - a scroll of remove curse {unknown}
Books
 c - a book of Debilitation

   Spells                             Type                      Level
   a - Corona                         Hexes                        1
   b - Slow                           Hexes                        2
   c - Inner Flame                    Hexes/Fire                   3
   d - Portal Projectile              Hexes/Translocation          3
   e - Cause Fear                     Hexes                        4
   f - Leda's Liquefaction            Hexes/Earth                  4


   Skills:
 - Level 1.0 Fighting
 + Level 2.5 Bows
 - Level 1.5 Dodging
 + Level 2.0 Stealth
 + Level 3.5 Spellcasting
 - Level 3.5 Hexes


You had 5 spell levels left.
You knew the following spells:

 Your Spells              Type           Power        Failure   Level  Hunger
a - Corona                Hex            ##.....      4%          1    N/A
b - Slow                  Hex            ##......     8%          2    N/A
c - Portal Projectile     Hex/Tloc       #.....       30%         3    N/A

Dungeon Overview and Level Annotations

Branches:
Dungeon (4/15)
 Temple: D:4-7

Altars:
Qazlal
Uskayaw

Annotations:
D:3 Welfe's ghost, amateur GrAr


Innate Abilities, Weirdness & Mutations

You do not eat or drink.
Your flesh is vulnerable to fire.
You are immune to poison.
Your flesh is cold resistant. (rC+)
You are immune to negative energy. (rN+++)
You are immune to unholy pain and torment.
You can survive without breathing.


Message History

An ogre comes into view. It is wielding a giant spiked club.
The helpless ogre fails to defend itself.
You hit the ogre.
The ogre is poisoned.
The ogre is moderately wounded.
The ogre barely misses you.
You barely miss the ogre.
The ogre is moderately wounded.
You closely miss the ogre.
The ogre is moderately wounded.
The ogre hits you with a giant spiked club!!
Ouch! That really hurt!
* * * LOW HITPOINT WARNING * * *
The ogre looks more healthy.
You barely miss the ogre.
The ogre is heavily wounded.
You hit the ogre.
The ogre is poisoned.
The ogre is heavily wounded.
The ogre hits you with a giant spiked club!!
Ouch! That really hurt!
You die...

###.##..#..#.#######
..........<.........
###.##..#######.##.# #
#.......##.##.#
##.####.##.##.#
###'####....##!#
#........[..##.#
#...........##.######.
#.........@O..........
............####.#######
....########## #....#
.... ###.##.## ....
#.......# .. #..._....#
#.........# #..#####..#
#..#.((#.##


You could see an ogre.

Vanquished Creatures
  An iguana (D:2)
  7 adders
  A worm (D:2)
  3 dart slugs
  An orc (D:3)
  14 bats
  2 giant cockroaches
  5 hobgoblins
  10 jackals
  2 quokkas (D:2)
  A ball python (D:3)
  6 frilled lizards
  7 goblins
  10 kobolds
  6 rats
76 creatures vanquished.

Notes
Turn   | Place    | Note
-------+----------+-------------------------------------------
     0 | D:1      | Jerry the Mummy Arcane Marksman began the quest for the Orb.
     0 | D:1      | Reached XP level 1. HP: 15/15 MP: 2/2
   126 | D:1      | Reached XP level 2. HP: 21/21 MP: 2/4
   183 | D:1      | Learned a level 2 spell: Slow
   466 | D:1      | Reached XP level 3. HP: 25/26 MP: 6/6
   471 | D:1      | Learned a level 3 spell: Portal Projectile
   940 | D:2      | Reached skill level 1 in Stealth
   963 | D:2      | Found a stormy altar of Qazlal.
  1238 | D:2      | Reached XP level 4. HP: 32/32 MP: 6/8
  2783 | D:3      | Reached XP level 5. HP: 35/37 MP: 9/9
  2919 | D:3      | Noticed Welfe's ghost (amateur GrAr)
  3388 | D:4      | Found a hide-covered altar of Uskayaw.
  3392 | D:4      | Noticed a dagger
  3392 | D:4      | Noticed a dagger
  3394 | D:4      | Noticed an ogre
  3409 | D:4      | Demolished by an ogre

Skill      XL: |  1  2  3  4  5 |
---------------+----------------+-----
Spellcasting   | 2 3 |  3.5
Hexes          | 3 |  3.5
Bows           | 2 |  2.5
Stealth        | 1 2 |  2.0
Fighting       | |  1.0
Dodging        | |  1.5

Action                   |  1- 3 |  4- 6 || total
-------------------------+-------+-------++-------
Melee: Club              |       |    33 ||    33
       Dagger            |       |    22 ||    22
 Fire: Shortbow          |    90 |    80 ||   170
Throw: Stone             |       |    55 ||    55
 Cast: Corona            |    23 |    14 ||    37
       Slow              |     1 |     2 ||     3
  Use: Scroll            |     4 |     4 ||     8
 Stab: Sleeping          |       |     2 ||     2
       Distracted        |       |     1 ||     1
Armor: Robe              |     7 |    41 ||    48
Dodge: Dodged            |    22 |    90 ||   112
Block: Other             |     1 |    28 ||    29
       Reflection        |       |     1 ||     1
